 Dungeon Crawl Stone Soup version 0.28-b1-25-g9875b3fc8c (webtiles) character file.

Game seed: 9786514747888981834

3260 dorian the Protected (level 10, -8/56 HPs)
             Began as a Gargoyle Fighter on Feb 7, 2022.
             Was an Initiate of the Shining One.
             Killed from afar by a steam dragon (16 damage)
             ... with a ball of steam
             ... on level 7 of the Dungeon.
             The game lasted 00:11:05 (7811 turns).

dorian the Protected (Gargoyle Fighter)             Turns: 7811, Time: 00:11:06

Health: -8/56      AC: 22    Str: 23    XL:     10   Next: 0%
Magic:  3/3        EV:  9    Int: 16    God:    the Shining One [......]
Gold:   454        SH:  4    Dex:  9    Spells: 9/9 levels left

rFire   . . .      SeeInvis +   e - +2 war axe (antimagic)
rCold   . . .      Faith    .   c - +0 buckler
rNeg    + . .      Spirit   .   y - +5 scale mail of the Game of Life {Int+6}
rPois   ∞          Reflect  .   (no helmet)
rElec   +          Harm     .   (no cloak)
rCorr   .          Rampage  .   (no gloves)
Will    .....                   h - +0 pair of boots
Stlth   ..........              (no amulet)
HPRegen 0.18/turn               t - ring of see invisible
MPRegen 0.08/turn               (no ring)

@: glowing
A: sickness immunity, AC +7, negative energy resistance 1, electricity
resistance, torment resistance 1, petrification resistance
a: Renounce Religion


You were on level 7 of the Dungeon.
You worshipped the Shining One.
The Shining One was noncommittal.
You visited 2 branches of the dungeon, and saw 8 of its levels.

You collected 454 gold pieces.

Inventory:

Hand Weapons
 a - a +0 war axe
 e - a +2 antimagic war axe (weapon)
 w - a +0 mace of protection
Missiles
 x - 3 throwing nets (quivered)
Armour
 b - a +0 scale mail
 c - a +0 buckler (worn)
 f - +0 acid dragon scales
 h - a +0 pair of boots (worn)
 y - the +5 scale mail of the Game of Life (worn) {Int+6}
   (You found it on level 7 of the Dungeon)

   Int:       It affects your intelligence (+6).
Jewellery
 t - a ring of see invisible (left hand)
Wands
 d - a wand of polymorph (7)
 k - a wand of flame (23)
 m - a wand of charming (4)
 q - a wand of mindburst (8)
 u - a wand of acid (4)
Scrolls
 j - 3 scrolls of teleportation
 l - 2 scrolls of fog
 n - a scroll of immolation {unknown}
 s - a scroll of enchant armour {unknown}
 v - 2 scrolls of noise {unknown}
Potions
 g - a potion of mutation {unknown}
 i - 4 potions of curing
 o - a potion of magic {unknown}
 p - a potion of resistance {unknown}
 r - 2 potions of attraction {unknown}
 z - 2 potions of haste {unknown}


   Skills:
 - Level 3.2 Fighting
 * Level 9.8 Axes
 + Level 10.3 Armour
 - Level 3.2 Shields


You had 9 spell levels left.
You didn't know any spells.
Your spell library contained the following spells:

 Spells                   Type           Power      Damage    Failure   Level
 Freeze                   Ice            0%         1d3       56%         1
 Pain                     Necr           0%         1d4       56%         1
 Slow                     Hex            0%         N/A       56%         1
 Confusing Touch          Hex            0%         N/A       91%         3
 Frozen Ramparts          Ice            0%         1d2       91%         3
 Vampiric Draining        Necr           0%         2d6       91%         3
 Hailstorm                Conj/Ice       0%         3d3       100%        4
 Agony                    Necr           0%         N/A       100%        5
 Excruciating Wounds      Necr           0%         N/A       100%        5


Dungeon Overview and Level Annotations

Branches:
Dungeon (7/15)             Temple (1/1) D:6

Altars:
Ashenzari
Cheibriados
Dithmenos
Elyvilon
Fedhas
Gozag
Hepliaklqana
Nemelex Xobeh
Qazlal
Ru
Sif Muna
Trog
Uskayaw
Vehumet
Wu Jian
Xom
Yredelemnul
Zin
The Shining One

Shops:
D:5 ((=

Annotations:
D:4 3 runed translucent doors, Flippered's ghost, amateur DrBe; Masnef's ghost, amateur GnWn; Zeebu's ghost, novice DsAK; qborf's ghost, amateur KoWr; raph's ghost, amateur DEVM


Innate Abilities, Weirdness & Mutations

You are immune to sickness and miasma.
Your stone body is resilient. (AC +7)
You are immune to poison.
You resist negative energy. (rN+)
You are resistant to electric shocks. (rElec)
You are resistant to unholy torment.
You are immune to petrification.


Message History

A steam dragon comes into view.
The steam dragon hisses angrily.
An orc priest comes into view. It is wielding a +0 short sword.
The steam dragon breathes steam at you. The ball of steam hits you!
The orc priest moves out of view.
You hear a shout! x3
No target in view!
No target in view!
No target in view!
Unknown command.
You start resting.
A steam dragon is nearby!
You slash the steam dragon!
The steam dragon is moderately wounded.
The steam dragon bites you!
The steam dragon claws you but does no damage.
You slash the steam dragon!
The steam dragon is heavily wounded.
The steam dragon barely misses you.
The steam dragon claws you but does no damage.
You completely miss the steam dragon.
The steam dragon is heavily wounded.
The steam dragon breathes steam at you. The ball of steam hits you!!
You block the steam dragon's attack. The steam dragon closely misses you.
You hear a shout! x2
You are too injured to fight recklessly!
You are too injured to fight recklessly!
You block the steam dragon's attack. The steam dragon barely misses you.
You barely miss the steam dragon.
The steam dragon is heavily wounded.
The steam dragon bites you!
* * * LOW HITPOINT WARNING * * *
The steam dragon claws you.
* * * LOW HITPOINT WARNING * * *
You hit the steam dragon.
The steam dragon is heavily wounded.
The steam dragon breathes steam at you. The ball of steam hits you!
You die...

#..###..#....#
######..#.....
#.#.##......
####...##......
#..............
#.###......##.#
#.##...........
######......#.......
#.D@##.###.<##..#...
##.#...###...##......
#..#.......#........#
#..####..............
#..## #..............
#...#..#........##...
#..########.....##.#.
#..# ####.......
#.....# #..#.###


You could see a steam dragon (catching breath).

Vanquished Creatures
  Harold (D:7)
  Pikel (D:4)
  Maggie (D:6)
  Eustachio (D:4)
  An ice beast (D:6)
  Duvessa (D:6)
  A sky beast (D:7)
  A necrophage (D:6)
  2 black bears
  3 centaurs
  An ogre (D:5)
  A lemure (D:4)
  A bullfrog (D:7)
  4 scorpions
  Dowan (D:6)
  A wyvern skeleton (D:6)
  A howler monkey (D:6)
  A crimson imp (D:7)
  A bullfrog zombie (D:6)
  A hound (D:6)
  A jelly (D:5)
  An orc priest (D:5)
  Crazy Yiuf (D:6)
  A centaur zombie (D:5)
  3 iguanas (D:5)
  Jessica (D:2)
  An orc wizard (D:7)
  A howler monkey zombie (D:6)
  7 adders
  A shadow imp (D:6)
  2 white imps
  2 worms
  3 dart slugs
  6 orcs
  4 bats
  2 endoplasms (D:3)
  2 giant cockroaches
  3 goblins
  7 hobgoblins
  2 quokkas
  8 ball pythons
  2 frilled lizards
  5 kobolds
  5 rats
97 creatures vanquished.

Notes
Turn   | Place    | Note
-------+----------+-------------------------------------------
     0 | D:1      | dorian the Gargoyle Fighter began the quest for the Orb.
     0 | D:1      | Reached XP level 1. HP: 14/14 MP: 1/1
   278 | D:1      | Reached XP level 2. HP: 15/19 MP: 2/2
   373 | D:1      | Found a faded altar of an unknown god.
   630 | D:2      | Noticed Jessica
   642 | D:2      | Killed Jessica
   643 | D:2      | Reached skill level 4 in Armour
   643 | D:2      | Reached XP level 3. HP: 15/23 MP: 3/3
   928 | D:2      | Found an opulent altar of Gozag.
   996 | D:2      | Reached XP level 4. HP: 27/28 MP: 4/4
  1835 | D:4      | Noticed a lemure
  1854 | D:4      | Killed a lemure
  1995 | D:4      | Reached XP level 5. HP: 21/32 MP: 5/5
  2112 | D:4      | Noticed Pikel
  2139 | D:4      | Killed Pikel
  2140 | D:4      | Reached skill level 5 in Axes
  2140 | D:4      | Reached skill level 6 in Armour
  2140 | D:4      | Reached XP level 6. HP: 26/37 MP: 6/6
  2140 | D:4      | Reached XP level 7. HP: 28/41 MP: 7/7
  2569 | D:4      | Noticed Eustachio
  2602 | D:4      | Killed Eustachio
  2603 | D:4      | Reached skill level 7 in Armour
  2995 | D:4      | Found a runed translucent gate.
  2995 | D:4      | Found a runed translucent gate.
  2995 | D:4      | Found a runed translucent gate.
  2997 | D:4      | Noticed raph's ghost (amateur DEVM)
  2997 | D:4      | Noticed Zeebu's ghost (novice DsAK)
  2999 | D:4      | Noticed qborf's ghost (amateur KoWr)
  2999 | D:4      | Noticed Flippered's ghost (amateur DrBe)
  2999 | D:4      | Noticed Masnef's ghost (amateur GnWn)
  3334 | D:5      | Entered Level 5 of the Dungeon
  3399 | D:5      | Reached XP level 8. HP: 5/46 MP: 8/8
  3719 | D:5      | Found Pufampar's Weapon Boutique.
  4041 | D:5      | Found Uwepyxt's Weapon Emporium.
  4050 | D:5      | Reached skill level 8 in Armour
  4229 | D:5      | Found Fozi's One-of-a-Kind Rings.
  4874 | D:5      | Found a shimmering altar of Xom.
  4875 | D:5      | Noticed an angel
  4877 | D:5      | Found a glowing silver altar of Zin.
  4910 | D:6      | Noticed Duvessa
  4910 | D:6      | Noticed Dowan
  4973 | D:6      | Noticed Maggie
  4998 | D:6      | HP: 1/46 [Dowan/puff of frost (3)]
  4999 | D:6      | Killed Maggie
  5488 | D:6      | Reached XP level 9. HP: 51/51 MP: 9/9
  5501 | D:6      | Reached skill level 9 in Armour
  5725 | D:6      | Killed Duvessa
  5730 | D:6      | Killed Dowan
  6031 | D:6      | Found a staircase to the Ecumenical Temple.
  6071 | D:6      | Found a runed translucent door.
  6105 | Temple   | Entered the Ecumenical Temple
  6197 | Temple   | Became a worshipper of the Shining One
  6260 | D:6      | Noticed Crazy Yiuf
  6266 | D:6      | Killed Crazy Yiuf
  6467 | D:7      | Noticed Harold
  6978 | D:7      | Killed Harold
  6979 | D:7      | Reached skill level 10 in Armour
  7322 | D:7      | Reached XP level 10. HP: 56/56 MP: 3/10
  7416 | D:7      | Identified the +5 scale mail of the Game of Life {Int+6}
  7811 | D:7      | Killed from afar by a steam dragon

Illustrated notes

Levels and vault maps discovered:
D:1:      dpeg_arrival_more_subterranean_lakeside_camping, layout_rooms,
          hellmonk_ecumenical_altar_run_dry
D:2:      layout_basic, basic_altar, uniq_jessica
D:3:      layout_rooms, grunt_ministairs_2
D:4:      layout_cave_pods, gammafunk_ghost_cemetery, uniq_eustachio, uniq_pikel
D:5:      layout_basic, grunt_temple_overflow_order_and_chaos_1, serial_shops,
          shop_coins, shop, chequers_arboretum, nicolae_shop_unique_rings,
          minmay_statues_item, grunt_decor_clamped
D:6:      layout_cave_pools, minmay_temple_entry_metal_lava,
          eino_small_chamber_without_monster, uniq_crazy_yiuf_cottage,
          uniq_maggie, uniq_duvessa
D:7:      layout_layer_cave, minmay_fire_ice_demons, uniq_harold
Temple:   mainiacjoe_temple_bowtie_tessellation

Skill      XL: |  1  2  3  4  5  6  7  8  9 |
---------------+----------------------------+-----
Axes           | 2 3 5 7 9 |  9.8
Armour         | 4 6 7 8 10 | 10.3
Fighting       | |  3.2
Shields        | |  3.2

Action                   |  1- 3 |  4- 6 |  7- 9 | 10-12 || total
-------------------------+-------+-------+-------+-------++-------
Melee: War axe           |    62 |    99 |   305 |     5 ||   471
Evoke: Wand              |       |       |     5 |       ||     5
  Use: Potion            |       |     1 |     7 |       ||     8
       Scroll            |       |       |     8 |       ||     8
Armor: Scale mail        |    32 |    59 |   167 |     2 ||   260
       Skin              |       |     5 |       |       ||     5
       Acid dragon scale |       |       |    59 |       ||    59
Dodge: Dodged            |    17 |    39 |   180 |     3 ||   239
Block: Buckler           |     7 |    19 |    69 |     2 ||    97
